 Dungeon Crawl Stone Soup version 0.20-a0-277-g7db01f4 (webtiles) character file.

7546 esc the Basher (level 11, -7/119 HPs)
             Began as an Ogre Arcane Marksman on Dec 11, 2016.
             Was a Priest of Yredelemnul.
             Killed from afar by Harold (18 damage)
             ... with a bolt of fire
             ... on level 10 of the Dungeon.
             The game lasted 00:38:02 (11081 turns).

esc the Basher (Ogre Arcane Marksman)              Turns: 11081, Time: 00:38:02

Health: -7/119     AC:  8    Str: 21    XL:     11   Next: 16%
Magic:  15/15      EV: 12    Int: 12    God:    Yredelemnul [***...]
Gold:   538        SH:  0    Dex:  9    Spells: 11/12 levels left

rFire  . . .     SeeInvis .     x - +3 flail (drain)
rCold  . . .     Gourm    .     a - +1 robe
rNeg   . . .     Faith    .     (no shield)
rPois  .         Spirit   .     (helmet restricted)
rElec  .         Reflect  .     z - +0 cloak
rCorr  .         Harm     .     (gloves unavailable)
MR     ++...                    (boots unavailable)
Stlth  +.........               F - amulet of regeneration {+regen, !d}
                                d - ring of protection from magic {MR+, !d}
                                D - +3 ring of protection

@: no status effects
A: unfitting armour, tough skin 1
a: Recall Undead Slaves, Injury Mirror, Animate Dead, Renounce Religion


You were on level 10 of the Dungeon.
You worshipped Yredelemnul.
Yredelemnul was most pleased with you.
You were not hungry.

You visited 2 branches of the dungeon, and saw 11 of its levels.

You collected 538 gold pieces.

Inventory:

Hand Weapons
 x - a +3 flail of draining (weapon)
   (You took it off Blork the orc on level 4 of the Dungeon)
 C - a +0 giant spiked club
   (You took it off a two-headed ogre on level 9 of the Dungeon)
 O - a +0 blowgun
   (You took it off a kobold on level 7 of the Dungeon)
 U - a +3 scimitar of flaming
   (You took it off Erica on level 8 of the Dungeon)
Missiles
 c - 2 large rocks (quivered) {!d}
 i - 470 stones
 I - 13 tomahawks
 L - 3 javelins
 P - 35 poisoned needles
Armour
 a - a +1 robe (worn)
 z - a +0 cloak (worn)
   (You found it on level 4 of the Dungeon)
Jewellery
 d - a ring of protection from magic (right hand) {MR+, !d}
   (You found it on level 5 of the Dungeon)
 D - a +3 ring of protection (left hand)
   (You found it on level 4 of the Dungeon)
 F - an amulet of regeneration (around neck) {+regen, !d}
   (You found it on level 5 of the Dungeon)
Wands
 k - a wand of acid (5/15)
   (You found it on level 4 of the Dungeon)
 o - a wand of polymorph (4/24)
   (You found it on level 4 of the Dungeon)
 A - a wand of paralysis (4/24)
   (You found it on level 4 of the Dungeon)
 T - a wand of lightning (7/15)
   (You found it on level 8 of the Dungeon)
Scrolls
 e - 4 scrolls of remove curse
 l - 3 scrolls of recharging {unknown}
 p - a scroll of magic mapping {unknown}
 t - 2 scrolls of blinking {!r}
 v - a scroll of fog
 G - a scroll of acquirement {unknown}
 H - 2 scrolls of amnesia
 M - 2 scrolls of enchant weapon
 N - a scroll of fear
Potions
 h - a potion of resistance
 j - 3 potions of flight
 m - 3 potions of agility
 n - 2 potions of cure mutation {!q}
 r - 3 potions of ambrosia
 s - a potion of haste
 w - a potion of invisibility
 B - 2 potions of cancellation
 K - a potion of might {unknown}
 Q - a potion of curing
Comestibles
 b - 15 chunks of flesh {@w0}
 f - 8 bread rations {@e1}
 g - 5 meat rations {@e2}
 E - 4 fruits
 R - 8 slices of pizza
 S - 3 beef jerkies


   Skills:
 + Level 10.3 Fighting
 + Level 12.1 Maces & Flails
 + Level 7.4 Throwing
 + Level 6.6 Dodging
 - Level 1.2 Spellcasting
 - Level 2.1 Hexes
 - Level 6.1 Invocations


You had 11 spell levels left.
You knew the following spells:

 Your Spells              Type           Power        Failure   Level  Hunger
v - Corona                Hex            #......      14%         1    ##.....


Dungeon Overview and Level Annotations

Branches:
Dungeon (10/15)            Temple (1/1) D:7
   Lair: D:8-11         Orc: D:9-12

Altars:
Ashenzari
Dithmenos
Fedhas
Gozag
Hepliaklqana
Kikubaaqudgha
Makhleb
Nemelex Xobeh
Okawaru
Qazlal
Ru
Sif Muna
Trog
Uskayaw
Vehumet
Yredelemnul

Shops:
D:7 (

Annotations:
D:3 esc's ghost, amateur OgAM
D:10 Harold


Innate Abilities, Weirdness & Mutations

You are too large for most types of armour.
You have tough skin. (AC +1)


Message History

Harold the Weathered comes into view.
He is wielding a flail.
Harold shouts!
Harold gestures wildly while chanting.
Harold blinks!
Health restored: 119 Quiver which item? (- for none, * to show all) (? for menu, Esc to quit)
Quivering
u - a throwing net {=f, !d} for throwing.
Aim: Harold, wielding a flail and wearing a shiny ring mail You throw a throwing net {=f, !d}.
The throwing net {=f, !d} hits Harold.
Harold is caught in the net!
You hit Harold but do no damage.
Harold grumbles, "Just give up already, I want to go home!"
Harold struggles against the net.
You hit Harold.
Harold mumbles some strange words.
Harold blinks!
You see here a throwing net {=f, !d}.
u - a throwing net {=f, !d} Harold drinks a potion.
Harold seems to speed up.
Harold throws a throwing net.
The throwing net hits you.
You become entangled in the net!
You see here a throwing net {=f, !d}.
You struggle against the net.
You struggle against the net.
Harold hits you with a flail!
You take 11 damage, and have 108/119 hp.
Unknown command.
You struggle against the net.
Harold hits you with a flail. x2
You take 6 damage, and have 102/119 hp.
You struggle against the net.
Harold hits you with a flail!
You take 7 damage, and have 95/119 hp.
You shred the net and break free! Harold completely misses you.
Aim: Harold, wielding a flail and wearing a shiny ring mail (lightly wounded, fast)
You throw a throwing net {=f, !d}. The throwing net {=f, !d} hits Harold.
Harold is caught in the net!
Harold struggles against the net.
You bludgeon Harold!!
Harold casts a spell.
Harold blinks!
Harold throws a throwing net.
The throwing net closely misses you.
You see here a throwing net {=f, !d}.
u - a throwing net {=f, !d} Harold casts a spell at you.
The bolt of fire hits you!
You see here a throwing net {=f, !d}.
You take 7 damage, and have 91/119 hp.
u - 2 throwing nets {=f, !d} (gained 1) Harold gestures at you while chanting.
The bolt of fire hits you!
A crimson imp comes into view.
You take 24 damage, and have 67/119 hp.
MASSIVE DAMAGE!!
Aim: Harold, wielding a flail and wearing a shiny ring mail (moderately wounded, fast)
You throw a throwing net {=f, !d}.
The throwing net {=f, !d} completely misses Harold.
Aim: Harold, wielding a flail and wearing a shiny ring mail (moderately wounded, fast)
You throw a throwing net {=f, !d}. The throwing net {=f, !d} hits Harold.
Harold is caught in the net!
Harold struggles against the net.
You hit Harold but do no damage. You drain Harold!
Harold points at you and mumbles some strange words.
The bolt of fire hits you!
* * * LOW HITPOINT WARNING * * *
Harold struggles against the net.
The crimson imp blinks!
You take 36 damage, and have 33/119 hp.
MASSIVE DAMAGE!!
You feel much better.
Harold struggles against the net.
You regained 14 hp, and now have 47/119 hp.
You strike the helpless Harold from behind!
You hit Harold.
Harold struggles against the net.
You hit Harold. You drain Harold!
Harold struggles against the net.
The net rips apart, and Harold comes free!
You barely miss Harold. Harold hits you with a flail!
You take 6 damage, and have 42/119 hp.
You sock Harold! You drain Harold! Harold hits you with a flail!
* * * LOW HITPOINT WARNING * * *
You take 11 damage, and have 31/119 hp.
Really read
t - 2 scrolls of blinking {!r}?
Okay, then.
Okay, then.
The crimson imp blinks!
You hit Harold. You drain Harold! Harold hits you but does no damage.
You sock Harold! Harold hits you but does no damage.
You hit Harold but do no damage. You drain Harold!
Harold gestures wildly while chanting.
Harold blinks!
Harold points at you and mumbles some strange words.
The bolt of fire hits you!
* * * LOW HITPOINT WARNING * * *
You take 24 damage, and have 9/119 hp.
MASSIVE DAMAGE!!
Okay, then.
Okay, then.
The crimson imp blinks!
Harold barely misses you.
You hit Harold but do no damage. You drain Harold!
Harold hits you but does no damage.
The crimson imp blinks!
You barely miss Harold. Harold gestures at you while chanting.
The bolt of fire hits you!
You die...
Your body rises from the dead as a mindless zombie.

#.# #......#.#
#.###########.####.#.#
#.##...##.....####.#.#
#.##.................#
#.##....#.###.#.##...#
#.###.#.#.# #.#.##...#
#§###...(.###.#.##...#
#......[<...#.#.##...#
#####..§@@#.#.#.##...#
#.#.#.#.#....#...#
#.#.#.#......)...#
#......>.....#..##
#.#.#.#####.##..# ##
#.#.........##..# ..
#.##.#########..# ##
#.##.# #..#
#.[..##.###### #.##


You could see Harold.

Vanquished Creatures
  Erica (D:8)
  A hill giant (D:10)
  Joseph (D:7)
  2 two-headed ogres (D:10)
  A hippogriff (D:10)
  4 hogs (D:7)
  A human (D:7)
  4 yaks (D:10)
  Menkaure (D:4)
  A water moccasin (D:8)
  A sky beast (D:6)
  2 ice beasts
  A phantom (D:8)
  2 black bears
  A wolf (D:3)
  3 ogres
  3 centaurs
  A crocodile (D:9)
  3 big kobolds
  Blork the orc (D:4)
  A water moccasin zombie (D:6)
  5 bullfrogs
  A gnoll sergeant (D:5)
  2 scorpions
  3 killer bees (D:9)
  3 howler monkeys
  2 jellies
  A bullfrog zombie (D:8)
  2 crimson imps
  3 orc priests
  2 centaur skeletons (D:6)
  2 hounds
  A bullfrog skeleton (D:5)
  2 iguanas
  12 orc wizards
  Natasha (twice) (D:3)
  5 worker ants
  2 hound zombies
  2 hound skeletons
  A howler monkey zombie (D:6)
  3 gnolls (D:9)
  A howler monkey skeleton (D:7)
  A worker ant zombie (D:6)
  11 adders
  3 shadow imps
  An adder skeleton (D:7)
  2 adder zombies
  3 worms
  A dart slug (D:1)
  6 leopard geckos
  43 orcs
  3 ball pythons
  3 giant cockroaches
  9 goblins
  8 hobgoblins
  10 jackals
  19 kobolds
  3 quokkas
  8 bats
  9 frilled lizards
  A leopard gecko zombie (D:6)
  A quokka skeleton (D:6)
  A quokka zombie (D:6)
  8 rats
247 creatures vanquished.

Vanquished Creatures (collateral kills)
  A two-headed ogre (D:9)
  A hippogriff (D:9)
  An eye of draining (D:9)
  2 killer bees (D:9)
  An adder (D:9)
6 creatures vanquished.

Vanquished Creatures (others)
  A hippogriff zombie (D:10)
  A black bear zombie (D:9)
  A crocodile zombie (D:9)
  An orc skeleton (D:8)
  16 fungi (D:4)
20 creatures vanquished.

Grand Total: 273 creatures vanquished

Notes
Turn   | Place    | Note
-------+----------+-------------------------------------------
     0 | D:1      | esc the Ogre Arcane Marksman began the quest for the Orb.
     0 | D:1      | Reached XP level 1. HP: 19/19 MP: 2/2
     2 | D:1      | Noticed an elf
     2 | D:1      | Noticed a human
     4 | D:1      | Noticed a demigod
     6 | D:1      | Noticed a ghoul
     8 | D:1      | Noticed a felid
     8 | D:1      | Noticed a dwarf
    10 | D:1      | Noticed a minotaur
    10 | D:1      | Noticed a vampire
    12 | D:1      | Noticed a halfling
    12 | D:1      | Noticed a troll
    14 | D:1      | Noticed a merfolk
    16 | D:1      | Noticed a gargoyle
    16 | D:1      | Noticed a vine stalker
    18 | D:1      | Noticed an octopode
    20 | D:1      | Noticed an ogre
    20 | D:1      | Noticed a spriggan
    22 | D:1      | Noticed a draconian
    22 | D:1      | Noticed a naga
    24 | D:1      | Noticed a formicid
    24 | D:1      | Noticed a tengu
    26 | D:1      | Noticed a demonspawn
    26 | D:1      | Noticed a centaur
   234 | D:1      | Reached skill level 2 in Fighting
   239 | D:1      | HP: 5/20 [kobold/dagger of freezing (2)]
   241 | D:1      | Reached XP level 2. HP: 6/28 MP: 3/3
   568 | D:1      | Reached skill level 1 in Maces & Flails
  1054 | D:1      | Reached XP level 3. HP: 23/36 MP: 4/4
  1331 | D:2      | Reached skill level 2 in Maces & Flails
  1441 | D:2      | Reached skill level 3 in Fighting
  2028 | D:2      | Reached XP level 4. HP: 35/46 MP: 5/5
  2574 | D:2      | Reached skill level 3 in Maces & Flails
  2965 | D:3      | Noticed Natasha
  2975 | D:3      | Reached skill level 4 in Fighting
  2989 | D:3      | Killed Natasha
  3144 | D:3      | Noticed an ogre
  3168 | D:3      | Killed an ogre
  3168 | D:3      | Reached skill level 5 in Fighting
  3168 | D:3      | Reached skill level 4 in Maces & Flails
  3168 | D:3      | Reached XP level 5. HP: 39/57 MP: 6/6
  3596 | D:3      | Reached skill level 5 in Maces & Flails
  3603 | D:3      | Reached XP level 6. HP: 56/66 MP: 7/7
  3620 | D:3      | Noticed esc's ghost (amateur OgAM)
  3716 | D:3      | Noticed Natasha
  3742 | D:3      | Killed Natasha
  3916 | D:4      | Noticed Blork the orc
  3938 | D:3      | HP: 7/66 [ogre/giant club (21)]
  3945 | D:3      | Reached skill level 6 in Maces & Flails
  3979 | D:3      | Noticed Natasha
  4099 | D:3      | Noticed Natasha
  4099 | D:3      | Natasha changed into Natasha the wolf
  4104 | D:3      | HP: 13/66 [Natasha the wolf (6)]
  4107 | D:3      | Killed Natasha the wolf
  4107 | D:3      | Reached skill level 7 in Maces & Flails
  4454 | D:3      | Found a radiant altar of Vehumet.
  4563 | D:3      | Reached XP level 7. HP: 72/72 MP: 8/8
  5248 | D:4      | Noticed Menkaure
  5416 | D:4      | Found a hide-covered altar of Uskayaw.
  5423 | D:4      | Noticed an enchanted dagger
  5424 | D:4      | Noticed a hand axe
  5452 | D:4      | Killed Menkaure
  5452 | D:4      | Reached skill level 8 in Maces & Flails
  5477 | D:4      | Killed Blork the orc
  6030 | D:5      | Entered Level 5 of the Dungeon
  6061 | D:5      | Reached skill level 2 in Dodging
  6142 | D:5      | Reached skill level 9 in Maces & Flails
  6378 | D:5      | Reached XP level 8. HP: 75/81 MP: 9/9
  6574 | D:6      | Reached skill level 3 in Throwing
  6773 | D:6      | Reached skill level 6 in Fighting
  6821 | D:6      | Reached skill level 3 in Dodging
  6964 | D:6      | Found a deep blue altar of Sif Muna.
  7027 | D:6      | Found a stormy altar of Qazlal.
  7542 | D:7      | Reached skill level 4 in Throwing
  7609 | D:7      | Reached skill level 10 in Maces & Flails
  7700 | D:7      | Reached skill level 7 in Fighting
  7746 | D:6      | Reached skill level 4 in Dodging
  7787 | D:7      | Reached XP level 9. HP: 93/93 MP: 10/10
  7856 | D:7      | Found a staircase to the Ecumenical Temple.
  7872 | Temple   | Entered the Ecumenical Temple
  7959 | Temple   | Became a worshipper of Yredelemnul the Dark
  7994 | D:7      | Found Gesadde's Weapon Shoppe.
  8152 | D:7      | Found an ancient bone altar of Kikubaaqudgha.
  8153 | D:7      | Noticed Joseph
  8164 | D:7      | HP: 22/93 [Joseph/uncursed quarterstaff of protection (8)]
  8166 | D:7      | Killed Joseph
  8166 | D:7      | Reached skill level 5 in Throwing
  8309 | D:7      | Reached skill level 8 in Fighting
  8503 | D:7      | Reached skill level 1 in Invocations
  8593 | D:7      | Reached skill level 3 in Invocations
  8599 | D:7      | Reached skill level 4 in Invocations
  8624 | D:7      | Reached skill level 5 in Invocations
  8642 | D:7      | Reached skill level 6 in Invocations
  8735 | D:7      | Reached * piety under Yredelemnul
  8844 | D:8      | Reached XP level 10. HP: 104/104 MP: 14/14
  9001 | D:8      | Found an opulent altar of Gozag.
  9193 | D:8      | Reached skill level 5 in Dodging
  9332 | D:8      | Noticed Erica
  9339 | D:8      | Killed Erica
  9339 | D:8      | Reached skill level 11 in Maces & Flails
  9339 | D:8      | Reached skill level 6 in Throwing
  9427 | D:8      | Reached skill level 9 in Fighting
  9848 | D:8      | Reached ** piety under Yredelemnul
 10362 | D:9      | Reached skill level 6 in Dodging
 10364 | D:9      | Found a sacrificial altar of Ru.
 10364 | D:9      | Found a blossoming altar of Fedhas.
 10514 | D:9      | You fall through a shaft!
 10514 | D:10     | Entered Level 10 of the Dungeon
 10681 | D:10     | Noticed a hill giant
 10689 | D:10     | Killed a hill giant
 10689 | D:10     | Reached skill level 7 in Throwing
 10696 | D:10     | Reached skill level 10 in Fighting
 10696 | D:10     | Reached XP level 11. HP: 99/117 MP: 15/15
 10794 | D:10     | Reached skill level 12 in Maces & Flails
 10907 | D:10     | Reached *** piety under Yredelemnul
 11048 | D:10     | Noticed Harold
 11078 | D:10     | HP: 9/119 [Harold/bolt of fire (25)]
 11081 | D:10     | Killed from afar by Harold

Vault maps used:
D:1:      kb_arrival_jail, minmay_box_of_dots
D:2:      serial_bayou_lagoon_a, grunt_ministairs_10
D:3:      fiery_altar_vehumet, first_bread, serial_park_tiny_pond, uniq_natasha
D:4:      dancing_weapons_uskayaw, serial_aquarium, aquarium_bridge_square,
          aquarium_bridge_long_separate, aquarium_window_fake,
          aquarium_window_1, aquarium_window_2, aquarium_view_2d,
          aquarium_balcony_5a, uniq_blork_the_orc, uniq_menkaure
D:6:      kennysheep_little_box, serial_undead, serial_undead_f,
          serial_undead_e, serial_undead_f, serial_undead_b, serial_undead_c,
          basic_altar, minmay_liquid_box, minmay_holes
D:7:      basic_altar, serial_shops, shop_fountains, grunt_livestock,
          uniq_joseph
D:8:      lemuel_coloured_pillars_altar, uniq_erica
D:9:      good_gods_temple_1, grunt_temple_overflow_open, minitemple
D:10:     uniq_harold
Temple:   cyrus_temple_forest

Skill      XL: |  1  2  3  4  5  6  7  8  9 10 11 |
---------------+----------------------------------+-----
Fighting       | 2 3 5 7 8 10 | 10.3
Maces & Flails | 1 2 4 5 7 9 10 11 12 | 12.1
Dodging        | 2 4 6 |  6.6
Throwing       | 4 5 7 |  7.4
Invocations    | 6 |  6.1
Spellcasting   | |  1.2
Hexes          | |  2.1

Action                   |  1- 3 |  4- 6 |  7- 9 | 10-12 || total
-------------------------+-------+-------+-------+-------++-------
Melee: Unarmed           |    14 |       |       |       ||    14
       Mace              |   138 |   150 |    44 |       ||   332
       Giant club        |       |    33 |       |       ||    33
       Flail             |       |       |   308 |   259 ||   567
Throw: Large rock        |     3 |     6 |     9 |     3 ||    21
       Stone             |     4 |     9 |    13 |       ||    26
       Throwing net      |       |     3 |     1 |     4 ||     8
       Javelin           |       |       |     5 |     5 ||    10
       Tomahawk          |       |       |     2 |    15 ||    17
Invok: Animate Remains   |       |       |       |     9 ||     9
Evoke: Wand              |       |     1 |       |       ||     1
  Use: Scroll            |       |     7 |    10 |     7 ||    24
       Potion            |       |     2 |     1 |     1 ||     4
 Stab: Sleeping          |     1 |       |       |       ||     1
       Distracted        |       |       |       |     1 ||     1
       Held in net/web   |       |       |       |     1 ||     1
  Eat: Chunk             |     3 |     6 |     9 |     8 ||    26
       Pizza             |       |     1 |     1 |       ||     2
       Beef jerky        |       |     1 |     2 |     2 ||     5
Armor: Robe              |    44 |    66 |   151 |    69 ||   330
Dodge: Dodged            |    82 |   109 |   202 |   139 ||   532

Vault maps used:
D:1:      kb_arrival_jail, minmay_box_of_dots
D:2:      serial_bayou_lagoon_a, grunt_ministairs_10
D:3:      fiery_altar_vehumet, first_bread, serial_park_tiny_pond, uniq_natasha
D:4:      dancing_weapons_uskayaw, serial_aquarium, aquarium_bridge_square,
          aquarium_bridge_long_separate, aquarium_window_fake,
          aquarium_window_1, aquarium_window_2, aquarium_view_2d,
          aquarium_balcony_5a, uniq_blork_the_orc, uniq_menkaure
D:6:      kennysheep_little_box, serial_undead, serial_undead_f,
          serial_undead_e, serial_undead_f, serial_undead_b, serial_undead_c,
          basic_altar, minmay_liquid_box, minmay_holes
D:7:      basic_altar, serial_shops, shop_fountains, grunt_livestock,
          uniq_joseph
D:8:      lemuel_coloured_pillars_altar, uniq_erica
D:9:      good_gods_temple_1, grunt_temple_overflow_open, minitemple
D:10:     uniq_harold
Temple:   cyrus_temple_forest

Table legend:
 A = Turns spent in this place as a percentage of turns spent in the entire game.
 B = Non-inter-level travel turns spent in this place as a percentage of non-inter-level travel turns spent in the entire game.
 C = Inter-level travel turns spent in this place as a percentage of turns spent in this place.
 D = Turns resting spent in this place as a percentage of non-inter-level travel turns spent in this place.
 E = Turns spent auto-exploring this place as a percentage of non-inter-level travel turns spent in this place.
 F = Non-inter-level travel turns spent in this place divided by the number of levels of this place that you've seen.
                   A       B       C       D       E      F
               +-------+-------+-------+-------+-------+----------------------
         Total | 100.0 | 100.0 |   0.4 |   4.2 |   8.2 | 258.2
       Dungeon |  99.0 |  99.0 |   0.4 |   4.3 |   8.0 | 281.3
        Temple |   1.0 |   1.0 |   3.6 |   0.0 |  33.3 |  27.0
               +-------+-------+-------+-------+-------+----------------------

Table legend:
 A = Kills in this place as a percentage of kills in entire the game.
 B = Kills by you in this place as a percentage of kills by you in the entire game.
 C = Kills by friends in this place as a percentage of kills by friends in the entire game.
 D = Other kills in this place as a percentage of other kills in the entire game.
 E = Experience gained in this place as a percentage of experience gained in the entire game.
 F = Experience gained in this place divided by the number of levels of this place that you have seen.
                   A       B       C       D       E      F
               +-------+-------+-------+-------+-------+----------------------
         Total | 100.0 | 100.0 | 100.0 |  -nan | 100.0 | 980.0
       Dungeon | 100.0 | 100.0 | 100.0 |  -nan | 100.0 | 1078.0
               +-------+-------+-------+-------+-------+----------------------
